Map: Darkness Sanctuary LE

Players

puCK (Nina) - Winner!

  • Race: Protoss Protoss
  • Spawn Location: 5:00

DnS

  • Race: Protoss Protoss
  • Spawn Location: 1:00

Event: WCS Valencia 2018

VOD

Have the link to the VOD?

Description

Time

  • Played on: July 12, 2018, 1:41 p.m.
  • Length: 9:30

All games in this series

Show
View Real Time Build Order
Export as new Build Order

puCK Protoss - Winner!

Build Orders: Oracle Opening 

Get SALT Encoding   

  12  0:00  Probe  
  13  0:13  Probe  
  14  0:17  Pylon  
  14  0:25  Probe  
  15  0:33  Probe  
  15  0:38  Gateway  
  15  0:41  Probe  
  16  0:47  Assimilator  
  17  0:51  Probe  
  17  0:56  Assimilator  
  18  1:03  Probe  
  19  1:08  Gateway  
  19  1:11  Probe  
  20  1:19  Probe  
  21  1:26  Cybernetics Core  
  21  1:29  Probe  
  22  1:37  Pylon  
  22  1:42  Probe  
  23  1:59  Probe  
  24  2:02  Stalker x2  
  24  2:04  Warp Gate  
  28  2:15  Stargate  
  28  2:23  Pylon  
  28  2:34  Stalker  
  30  2:39  Stalker  
  31  2:54  Oracle  
  34  3:16  Nexus  
  34  3:28  Probe, Pylon  
  34  3:32  Oracle  
  38  3:40  Probe  
  39  3:52  Probe  
  38  4:07  Probe  
  39  4:10  Robotics Facility  
  39  4:20  Probe  
  39  4:22  Sentry  
  39  4:23  Stalker  
  44  4:27  Shield Battery, Probe  
  44  4:28  Pylon  
  45  4:32  Probe  
  46  4:40  Probe  
  46  4:44  Gateway  
  47  4:45  Probe  
  47  4:50  Probe  
  47  4:52  Stalker  
  50  4:53  Probe  
  50  4:58  Observer, Probe  
  53  5:02  Probe  
  55  5:08  Probe  
  55  5:12  Probe  
  57  5:15  Twilight Council  
  57  5:17  Immortal  
  57  5:20  Probe  
  58  5:24  Probe  
  63  5:32  Probe  
  64  5:37  Probe  
  64  5:42  Blink  
  65  5:44  Probe  
  65  5:48  Assimilator x2  
  65  5:49  Probe  
  64  5:56  Probe  
  69  6:04  Immortal  
  69  6:13  Nexus  
  69  6:18  Probe  
  70  6:19  Pylon  
  70  6:23  Pylon  
  70  6:25  Gateway  
  70  6:28  Gateway  
  70  6:37  Probe, Robotics Bay  
  71  6:40  Probe  
  71  6:44  Pylon  
  72  6:49  Probe  
  72  6:52  Robotics Facility, Stalker  
  75  6:54  Probe  
  75  7:14  Stalker x2  
  78  7:23  Probe  
  78  7:27  Zealot  
  81  7:32  Disruptor  
  81  7:34  Probe  
  85  7:38  Disruptor  
  85  7:41  Probe  
  89  7:47  Zealot  
  92  7:55  Forge  
  87  8:06  Zealot x4  
  87  8:07  Disruptor  
  87  8:08  Pylon  
  87  8:10  Pylon  
  98  8:17  Disruptor  
  101  8:34  Disruptor  
  98  8:37  Zealot x5  
  98  8:40  Pylon  
  108  8:42  Pylon  
  108  8:46  Photon Cannon  
  95  8:59  Zealot x3, Stalker x2  
  84  9:20  Zealot x3  
  86  9:27  Stalker x2  
Show
View Real Time Build Order
Export as new Build Order

DnS Protoss 

Build Orders: Blink Stalkers, Zealot Archon 

Get SALT Encoding   

  12  0:00  Probe  
  13  0:12  Probe  
  14  0:18  Pylon  
  14  0:24  Probe  
  15  0:32  Probe  
  15  0:37  Gateway  
  15  0:40  Probe  
  16  0:46  Assimilator  
  17  0:50  Probe  
  18  0:57  Assimilator  
  18  0:59  Probe  
  19  1:07  Probe  
  20  1:15  Gateway  
  20  1:17  Probe  
  20  1:24  Cybernetics Core  
  21  1:29  Probe  
  22  1:35  Pylon  
  22  1:41  Probe  
  23  1:53  Probe  
  24  2:02  Sentry, Stalker  
  24  2:03  Warp Gate  
  24  2:06  Probe  
  29  2:09  Pylon  
  29  2:28  Stalker  
  31  2:32  Stalker  
  33  2:42  Twilight Council  
  33  3:05  Nexus  
  33  3:06  Probe  
  34  3:13  Blink, Shield Battery  
  34  3:26  Stalker  
  36  3:31  Pylon  
  36  3:35  Probe  
  37  3:50  Probe  
  37  3:53  Robotics Facility  
  34  4:09  Stalker x2, Probe  
  37  4:15  Probe  
  38  4:17  Probe  
  38  4:23  Probe  
  40  4:25  Probe  
  42  4:33  Stalker, Probe  
  42  4:36  Probe  
  46  4:43  Probe  
  47  4:48  Stalker, Probe  
  47  4:51  Probe  
  50  4:59  Probe  
  51  5:00  Probe  
  51  5:01  Sentry  
  51  5:07  Pylon  
  55  5:11  Probe  
  55  5:12  Probe  
  55  5:13  Pylon  
  57  5:16  Sentry  
  57  5:20  Robotics Facility  
  59  5:23  Probe  
  59  5:24  Probe  
  61  5:28  Assimilator  
  61  5:31  Assimilator  
  61  5:33  Pylon  
  62  5:35  Probe  
  62  5:36  Probe  
  63  5:47  Probe  
  64  5:50  Charge  
  64  5:51  Probe  
  65  5:59  Probe, Pylon  
  65  6:02  Observer  
  65  6:03  Probe  
  67  6:06  Forge  
  68  6:12  Immortal  
  68  6:22  Gateway  
  68  6:23  Gateway  
  72  6:28  Protoss Ground Weapons Level 1  
  72  6:39  Gateway x2  
  72  6:43  Zealot x2  
  80  6:56  Pylon  
  80  6:59  Templar Archives  
  79  7:03  Probe x2  
  79  7:05  Stalker  
  79  7:06  Stalker  
  77  7:14  Warp Prism  
  76  7:15  Probe x2  
  81  7:36  Gateway  
  78  7:38  Gateway  
  78  7:39  High Templar x2  
  78  7:40  High Templar  
  78  7:41  Zealot x2, High Templar  
  90  7:44  Archon  
  90  7:45  Archon  
  90  7:48  Pylon  
  90  7:52  Pylon  
  88  8:09  High Templar x2  
  88  8:12  Zealot x3, Pylon  
  98  8:13  Zealot, Archon  
  100  8:36  Zealot x6  
  74  8:56  Zealot x6  
  74  9:11  Zealot x2  
  66  9:24  Zealot x3  
Tags
 
Add a new tag
Caveats
  • Supply blocks, unpowered buildings, or Contaminate may cause inaccurate times.
  • Supply counts are checked every 10 seconds.